AoeStats
← googleplazadorn

MegaRandom

508583355Analyzed
3v3 RM · 10d ago on Sep 23, 2026· 52m 41s· 6 players
Game mode
Random Map
Map size
Normal (6 player)
Population
200
Speed
Normal
Resources
Standard
Victory
Conquest
Starting age
Dark Age
Ending age
Imperial Age
RankedLock teamsTeams togetherTeam positionsShared explorationLock speedFull tech treeHidden civsTurbo modeCheats
Victory
Defeat
🇵🇪 Malians · Peru
1120
+17
🇨🇦 Saxons · Canada
1046
+20
🇦🇷 Franks · Argentina
1019
+21
🇺🇸 Danes · United States
1150
-20
🇺🇸 Huns · United States
1120
-19
🇺🇸 Bulgarians · United States
1118
-19
googleplazadorn
9:00 Loom
11:17 Feudal Age
11:55 Horse Collar
15:38 Double-Bit Axe
18:14 Castle Age
16:24 Fletching
18:59 Heavy Plow
19:34 Bow Saw
21:04 Gold Mining
21:54 Bodkin Arrow
22:00 Padded Archer Armor
24:10 Gold Shaft Mining
25:05 Stone Mining
26:41 Thumb Ring
27:03 Ballistics
28:23 Leather Archer Armor
34:12 Imperial Age
34:04 Wheelbarrow
34:18 Bloodlines
34:09 Husbandry
34:13 Heavy Cavalry Archer
35:22 Parthian Tactics
35:51 Bracer
37:31 Chemistry
36:27 Murder Holes
37:02 Conscription
36:48 Marauders
37:04 Town Watch
39:01 Hand Cart
40:10 Two-Man Saw
40:55 Scale Barding Armor
41:40 Town Patrol
42:32 Chain Barding Armor
47:18 Forging
47:44 Plate Barding Armor
Plazagoogledorn
6:56 Loom
9:39 Feudal Age
10:30 Double-Bit Axe
18:15 Castle Age
17:42 Wheelbarrow
18:17 Bloodlines
18:26 Forging
18:09 Fletching
19:32 Bow Saw
19:58 Scale Barding Armor
20:08 Bodkin Arrow
20:31 Horse Collar
24:49 Hand Cart
26:33 Chain Barding Armor
32:08 Imperial Age
29:55 Scale Mail Armor
30:14 Pikeman
30:55 Squires
33:08 Chain Mail Armor
33:31 Plate Barding Armor
33:31 Halberdier
34:50 Iron Casting
39:49 Blast Furnace
40:36 Plate Mail Armor
41:27 Bracer
46:10 Conscription
46:00 Stirrups
boogertime
8:02 Loom
10:10 Feudal Age
11:57 Double-Bit Axe
12:03 Man-at-Arms
12:58 Horse Collar
13:17 Arson
19:26 Castle Age
19:14 Fletching
21:23 Husbandry
23:43 Bow Saw
25:53 Heavy Plow
26:14 Elite Skirmisher
27:33 Padded Archer Armor
28:57 Leather Archer Armor
30:07 Bodkin Arrow
33:20 Gold Mining
hernansl
10:54 Feudal Age
17:58 Castle Age
16:32 Gold Mining
16:59 Double-Bit Axe
18:34 Forging
18:17 Stone Mining
27:18 Imperial Age
25:16 Scale Barding Armor
25:41 Fletching
26:26 Bow Saw
27:33 Iron Casting
27:04 Husbandry
28:07 Chain Barding Armor
28:00 Cavalier
28:45 Squires
32:51 Blast Furnace
32:45 Wheelbarrow
32:03 Pikeman
33:53 Gold Shaft Mining
35:01 Plate Barding Armor
35:44 Hand Cart
37:00 Scale Mail Armor
36:56 Bodkin Arrow
38:05 Chain Mail Armor
37:15 Halberdier
39:21 Conscription
39:30 Paladin
44:34 Plate Mail Armor
Unbreakable
8:41 Loom
10:27 Feudal Age
16:44 Castle Age
14:39 Double-Bit Axe
14:45 Horse Collar
17:48 Crossbowman
18:20 Fletching
19:17 Bow Saw
23:15 Heavy Plow
25:53 Wheelbarrow
26:20 Town Watch
28:51 Scale Mail Armor
30:32 Bodkin Arrow
30:38 Padded Archer Armor
31:28 Chain Mail Armor
31:24 Forging
31:11 Gold Mining
32:06 Thumb Ring
32:36 Hand Cart
33:15 Ballistics
33:46 Town Patrol
35:29 Leather Archer Armor
37:51 Imperial Age
38:28 Stone Mining
39:14 Gold Shaft Mining
38:25 Treadmill Crane
38:59 Bracer
38:22 Arbalester
40:05 Plate Mail Armor
41:01 Chemistry
40:34 Ring Archer Armor
40:42 Iron Casting
39:30 Elite Varangian Guard
40:53 Gambesons
41:09 Squires
43:43 Crop Rotation
44:16 Two-Man Saw
44:45 Conscription
44:20 Shield Wall
44:38 Capped Ram
46:13 Siege Ram
47:18 Arrowslits
47:24 Guard Tower
47:44 Siege Engineers
48:47 Caravan
AdamSvp21
7:45 Loom
10:13 Feudal Age
17:21 Fletching
17:26 Double-Bit Axe
18:05 Padded Archer Armor
20:09 Wheelbarrow
23:47 Castle Age
22:00 Horse Collar
22:11 Gold Mining
22:46 Stone Mining
24:15 Scale Mail Armor
23:51 Crossbowman
24:27 Bodkin Arrow
25:25 Leather Archer Armor
27:26 Ballistics
27:09 Town Watch
30:30 Man-at-Arms
35:30 Imperial Age
34:46 Murder Holes
38:09 Ring Archer Armor
37:02 Arbalester
38:48 Chemistry
38:45 Block Printing
40:30 Forging
40:22 Squires
40:34 Masonry
39:53 Pikeman
40:59 Hand Cart
41:23 Conscription
41:30 Sanctity
44:10 Iron Casting
43:22 Arson
43:19 Treadmill Crane
44:25 Capped Ram
45:08 Town Patrol
45:37 Farimba
47:17 Scale Mail Armor
46:41 Elite Gbeto
48:18 Scale Barding Armor
48:24 Bow Saw
48:15 Heavy Plow
48:51 Gold Shaft Mining
48:52 Stone Shaft Mining
50:11 Light Cavalry
51:02 Bloodlines
50:52 Husbandry
51:13 Chain Barding Armor
51:09 Chain Mail Armor
52:44 Plate Barding Armor
52:56 Architecture
Connection lost

Rejoining the realm…

Still unreachable

The connection could not be restored.

Session expired

The server has moved on; the page needs a fresh start.